 Dungeon Crawl Stone Soup version 0.28-a0-662-g1651b1f1e0 (webtiles) character file.

Game seed: 17118140630981437433

62 ytrimaz the Insei (level 4, -3/28 HPs)
             Began as an Octopode Transmuter on Oct 14, 2021.
             Slain by an orc (4 damage)
             ... on level 3 of the Dungeon on Oct 15, 2021.
             The game lasted 00:03:29 (2822 turns).

ytrimaz the Insei (Octopode Transmuter)             Turns: 2822, Time: 00:03:30

Health: -3/28      AC:  1    Str: 10    XL:     4   Next: 8%
Magic:  7/7        EV: 13    Int: 15    God:
Gold:   122        SH:  0    Dex: 12    Spells: 2/7 levels left

rFire   . . .      SeeInvis .     - Unarmed
rCold   . . .      Faith    .   (no shield)
rNeg    . . .      Spirit   .   (helmet restricted)
rPois   .          Reflect  .   (no amulet)
rElec   .          Harm     .   e - ring of willpower
rCorr   .          Rampage  .   (no ring)
Will    +....                   (no ring)
Stlth   ++........              (no ring)
HPRegen 0.09/turn               (no ring)
MPRegen 0.10/turn               (no ring)
                                (no ring)
                                (no ring)

@: no status effects
A: almost no armour, amphibious, 8 rings, camouflage 1, gelatinous body 1,
(nimble swimmer 1), tentacles
a: no special abilities


You were on level 3 of the Dungeon.
You visited 1 branch of the dungeon, and saw 3 of its levels.

You collected 122 gold pieces.

Inventory:

Jewellery
 e - a ring of willpower (left tentacle)
Scrolls
 a - a scroll of identify
 b - a scroll of teleportation
Potions
 c - a potion of berserk rage
 f - a potion of haste


   Skills:
 - Level 1.0 Fighting
 + Level 2.5 Dodging
 + Level 4.1 Unarmed Combat
 + Level 2.3 Spellcasting
 + Level 2.1 Transmutations
 * Level 0.2 Ice Magic


You had 2 spell levels left.
You knew the following spells:

 Your Spells              Type           Power      Damage    Failure   Level
a - Beastly Appendage     Tmut           16%        N/A       9%          1
b - Ice Form              Ice/Tmut       5%         N/A       78%         4

Your spell library contained the following spells:

 Spells                   Type           Power      Damage    Failure   Level
 Wereblood                Tmut           8%         N/A       13%         2
 Spider Form              Tmut/Pois      2%         N/A       38%         3
 Summon Guardian Golem    Hex/Summ       1%         N/A       54%         3
 Orb of Destruction       Conj           0%         N/A       100%        7
 Spellforged Servitor     Conj/Summ      0%         N/A       100%        7


Dungeon Overview and Level Annotations

Branches:
Dungeon (3/15)

Altars:


Innate Abilities, Weirdness & Mutations

You cannot wear most types of armour.
You are amphibious.
You can wear up to eight rings at the same time.
Your skin changes colour to match your surroundings (Stealth+).
Your rubbery body absorbs attacks. (AC +1, EV +1)
((You are camouflaged near water. (Stealth+)))
You have tentacles for arms and can constrict up to eight enemies at once.


Message History

You constrict the orc. The orc barely misses you.
You tentacle-slap the orc but do no damage.
You pierce the orc.
The orc is almost dead.
You constrict the orc.
You kill the orc!
The orc wizard gestures wildly while chanting.
The orc wizard flickers and vanishes!
Deactivating autopickup; reactivate with Ctrl-A.
Your transformation is almost over.
The orc closely misses you.
You tentacle-slap the orc. You grab the orc.
The orc is severely wounded.
You constrict the orc. The orc hits you with a +0 club.
You tentacle-slap the orc.
You kill the orc!
The orc wizard casts a spell.
The orc wizard flickers and vanishes!
Something hits you.
The orc hits you from afar with a +0 trident!
Things that are here:
a +0 club; an orc corpse Unknown command.
You barely miss something.
Your tentacle spike misses something.
You squeeze something.
You hear some strange, mumbled words.
A magic dart appears from out of thin air!
The magic dart hits you!
The orc hits you from afar with a +0 trident!
* * * LOW HITPOINT WARNING * * *
You tentacle-slap something but do no damage.
Your tentacle spike misses something.
Something hits you.
* * * LOW HITPOINT WARNING * * *
The orc closely misses you.
Unknown command.
You miss something.
Your tentacle spike misses something.
Your tentacle spike disappears.
Something hits you but does no damage.
The orc hits you from afar with a +0 trident.
You die...

###############
#.........../.#
####.###########.#
.......# #.#
.......# #@#
.......# #{#
####.####### #o#
............ .w.
.....####### #.#
###### #.. ###


You could see a dart slug and an orc.

Vanquished Creatures
  An adder zombie (D:3)
  A worm (D:2)
  A dart slug (D:1)
  2 orcs (D:3)
  4 ball pythons
  4 bats
  5 endoplasms
  3 giant cockroaches (D:1)
  4 hobgoblins
  8 kobolds
  2 quokkas
  3 frilled lizards
  6 goblins
  5 rats
49 creatures vanquished.

Vanquished Creatures (others)
  5 fungi (D:2)
  6 plants (D:2)
11 creatures vanquished.

Grand Total: 60 creatures vanquished

Notes
Turn   | Place    | Note
-------+----------+-------------------------------------------
     0 | D:1      | ytrimaz the Octopode Transmuter began the quest for the
                  | Orb.
     0 | D:1      | Reached XP level 1. HP: 13/13 MP: 3/3
   289 | D:1      | Reached XP level 2. HP: 15/18 MP: 5/5
   699 | D:1      | Reached XP level 3. HP: 18/23 MP: 4/6
  1725 | D:2      | Reached skill level 4 in Unarmed Combat
  1940 | D:2      | Found a faded altar of an unknown god.
  2749 | D:3      | Reached XP level 4. HP: 24/28 MP: 7/7
  2756 | D:3      | Learned a level 4 spell: Ice Form
  2821 | D:3      | HP: 1/28 [something (2)]
  2822 | D:3      | Slain by an orc

Illustrated notes

Levels and vault maps discovered:
D:1:      evilmike_arrival_plus, layout_basic
D:2:      layout_basic, shapermc_ecumenical_altar_mp_urbaneastern,
          minmay_misc_feat_doors, kennysheep_potato
D:3:      layout_basic, vehumet_altar_wand_db, grunt_gozag_statues, uniq_jessica

Skill      XL: |  1  2  3 |
---------------+----------+-----
Unarmed Combat | 4 |  4.1
Fighting       | |  1.0
Dodging        | |  2.5
Spellcasting   | |  2.3
Transmutations | |  2.1
Ice Magic      | |  0.2

Action                   |  1- 3 |  4- 6 || total
-------------------------+-------+-------++-------
Melee: Unarmed           |    93 |     8 ||   101
       Constrict         |    26 |     2 ||    28
       Tentacles         |    12 |     1 ||    13
       Punch             |     1 |       ||     1
       Kick              |     2 |     2 ||     4
 Cast: Beastly Appendage |     4 |     1 ||     5
  Use: Scroll            |     8 |       ||     8
       Potion            |     1 |       ||     1
 Stab: Sleeping          |     7 |       ||     7
Armor: Skin              |    12 |     1 ||    13
Dodge: Dodged            |    65 |     7 ||    72

Table legend: (Time is in decaauts)
 A = Elapsed time spent in this place.
 B = Non-inter-level travel time spent in this place.
 C = Inter-level travel time spent in this place.
 D = Time resting spent in this place.
 E = Time spent auto-exploring this place.
 F = Levels seen in this place.
 G = Mean time per level.
                   A        B        C        D        E       F      G
               +--------+--------+--------+--------+--------+-----+--------+
         Total |   2814 |   2796 |     18 |    550 |   1859 |   3 |  938.0 |
       Dungeon |   2814 |   2796 |     18 |    550 |   1859 |   3 |  938.0 |
               +--------+--------+--------+--------+--------+-----+--------+

Top non-repeatable levels by time:
     D:2: 1424 daAuts
     D:1: 1313 daAuts
     D:3: 76 daAuts
